Match 31538928
Unlisted

Match 31538928
End
Kradschützen Motorcycle Team
Panzergrenadier Squad
250 Light Carrier
Construct Light Support Kompanie
Fire Support Elements
Selects Armored Support Battlegroup
Selects Salvage Kits
le.IG 18 Support Gun Team
Flakvierling Half-track
Selects Veteran Gunners
Panzerpioneer Squad
Pak 38 Mechanized Group
Combat Half-tracks
Construct Panzerarmee Kommand
Panzer III L Medium Tank
MG34 Team
Vehicle Survival Package
Selects Panzer Storm
Tungsten Core Ammunition
Armored Reserves
Selects Stuka Anti-tank Loiter
Assault Grenadier Squad
Assault Grenadier Squad
Flak 36 Anti-tank Gun Team
Stuka Anti-tank Loiter
Selects Flammpanzer III Medium Tank
2.5-tonne Medical Truck
Nukepapa
byza
Der Albaner
skyhawkfranky
Visetiisen
Haxpetten
ABCD
Mecska
0
0

Comments sign in to comment!

No comments posted yet!